 Dungeon Crawl Stone Soup version 0.27.1-37-g7b29ead8ac (console) character file.

Game seed: 10474362052778983416

189 grimtooth the Vexing (level 5, -1/35 HPs)
             Began as a Vampire Enchanter on June 3, 2023.
             Succumbed to an adder's poison
             ... on level 2 of the Dungeon on June 5, 2023.
             The game lasted 00:11:46 (1363 turns).

grimtooth the Vexing (Vampire Enchanter)            Turns: 1363, Time: 00:11:47

Health: -1/35      AC:  2    Str:  7    XL:     5   Next: 40%
Magic:  2/8        EV: 12    Int: 18    God:
Gold:   41         SH:  0    Dex: 15    Spells: 5/8 levels left

rFire    . . .     SeeInvis +   a - +3 dagger
rCold    . . .     Faith    .   (no shield)
rNeg     . . .     Spirit   .   b - +0 robe
rPois    .         Reflect  .   (no helmet)
rElec    .         Harm     .   (no cloak)
rCorr    .         Rampage  .   (no gloves)
Will     .....                  (no boots)
Stlth    +++.......             (no amulet)
HPRegen  0.31/turn              (no ring)
MPRegen  0.11/turn              (no ring)

@: lethally poisoned (-1 -> -8), healing quickly
A: alive, fangs 3, see invisible, vampiric 2
a: Exsanguinate


You were on level 2 of the Dungeon.
You visited 1 branch of the dungeon, and saw 2 of its levels.

You collected 41 gold pieces.

Inventory:

Hand Weapons
 a - a +3 dagger (weapon)
 e - a +1 dagger
Missiles
 c - 62 stones
 d - 8 boomerangs (quivered)
Armour
 b - a +0 robe (worn)
 f - a +0 buckler


   Skills:
 * Level 4.9 Short Blades
 - Level 2.1 Dodging
 - Level 4.4 Stealth
 - Level 2.0 Spellcasting
 + Level 6.2 Hexes


You had 5 spell levels left.
You knew the following spells:

 Your Spells              Type           Power      Damage    Failure   Level
a - Corona                Hex            26%        N/A       1%          1
b - Ensorcelled Hibernat  Hex/Ice        26%        N/A       8%          2

Your spell library contained the following spells:

 Spells                   Type           Power      Damage    Failure   Level
 Confusing Touch          Hex            24%        N/A       4%          3
 Tukima's Dance           Hex            24%        N/A       4%          3
 Dazzling Flash           Conj/Hex       26%        N/A       16%         3
 Beastly Appendage        Tmut           2%         N/A       19%         1
 Blink                    Tloc           N/A        N/A       26%         2
 Wereblood                Tmut           1%         N/A       26%         2
 Lesser Beckoning         Tloc           0%         N/A       47%         3
 Spider Form              Tmut/Pois      0%         N/A       47%         3
 Manifold Assault         Tloc           1%         N/A       99%         5


Dungeon Overview and Level Annotations

Branches:
Dungeon (2/15)

Altars:

Annotations:
D:2 exclusions: adder and hobgoblin, Terence


Innate Abilities, Weirdness & Mutations

Your natural rate of healing is accelerated.
You have razor-sharp teeth.
You have supernaturally acute eyesight. (SInv)
You are afflicted with vampirism and can become a bat while bloodless.


Message History

The adder bites you but does no damage.
There is an open door here.
The adder bites you.
You hit the adder but do no damage. The adder bites you.
You are poisoned.
The adder poisons you!
You closely miss the adder.
You feel sick. The adder bites you.
You are more poisoned.
The adder poisons you!
You hit the adder.
The adder is moderately wounded.
You feel sick. The adder bites you.
You are lethally poisoned!
The adder poisons you!
You hit the adder.
The adder is heavily wounded.
* * * LOW HITPOINT WARNING * * *
You feel sick. The adder bites you.
* * * LOW HITPOINT WARNING * * *
You are more poisoned.
The adder poisons you!
You aren't carrying any potions.
Unknown command.
Enter note: -
Enter note: - so now i die... this seems a little harsh rng Blink to where?
Press: ? - help, Dir - move target, p - adder
As you read the scroll labelled JOIFEI OPRYSUXZY, it crumbles to dust.
It was a scroll of blinking.
* * * LOW HITPOINT WARNING * * *
You feel very sick.
Throw: 8 boomerangs
Press: ? - help, Q - select action, (/) - cycle Shift-Dir - straight line, f - adder
Aim: an adder (translocational energy, heavily wounded, 38% to hit)
You throw a boomerang. The boomerang barely misses the adder.
* * * LOW HITPOINT WARNING * * *
You feel very sick.
Your magical contamination has completely faded away.
Keep bloodletting?
You die...

######### #.......# ####
#.#####.# ...#
#######.#####.###### .#.#
#...........#......#### .#.#
#.#####.###.#.......... .#.##
#.#####.#.........<....
....#######.##....#.#.#.####.....
.......r'##########'.........†...
........#K≈≈≈§≈≈≈≈.#.......#†####
#########§.S....@.≈#.####..#.####
....... #≈.≈≈§§≈§.§#..........).#
####### #≈.≈≈≈≈≈≈.≈#...##..#....#
. #§§§§##≈§.§#.#.##..#....# ##
#§§§§##§§.≈###.##..###### #
#≈.≈§§§§≈.§# #.....# #
#≈§§§§§§≈.≈######..# .
#≈.....§..≈#.# ##'####### .
≈≈§§≈≈≈≈.#.###........#
#########'..##........#
#.......###.##........#


You could see an adder and a kobold.

Vanquished Creatures
  Sigmund (D:2)
  A dart slug (D:2)
  An orc (D:2)
  2 endoplasms
  4 giant cockroaches
  2 quokkas
  7 ball pythons
  6 bats
  A frilled lizard (D:1)
  2 kobolds (D:1)
  2 rats
29 creatures vanquished.

Notes
Turn   | Place    | Note
-------+----------+-------------------------------------------
     0 | D:1      | grimtooth the Vampire Enchanter began the quest for the
                  | Orb.
     0 | D:1      | Reached XP level 1. HP: 13/13 MP: 3/3
    15 | D:1      | Found a faded altar of an unknown god.
   266 | D:1      | Reached XP level 2. HP: 19/19 MP: 5/5
   724 | D:1      | Learned a level 2 spell: Ensorcelled Hibernation
   975 | D:2      | Reached skill level 5 in Hexes
  1027 | D:2      | Gained mutation: You are afflicted with vampirism and can
                  | become a bat while bloodless. [Vampire growth]
  1027 | D:2      | Reached XP level 3. HP: 23/24 MP: 3/6
  1056 | D:2      | Noticed Sigmund
  1060 | D:2      | - so that didnt work...
  1060 | D:2      | - really have nothing else right now
  1063 | D:2      | Killed Sigmund
  1064 | D:2      | Reached skill level 6 in Hexes
  1064 | D:2      | Reached XP level 4. HP: 30/30 MP: 4/7
  1064 | D:2      | Reached XP level 5. HP: 35/35 MP: 4/8
  1064 | D:2      | - phew
  1221 | D:2      | Noticed Terence
  1361 | D:2      | - so now i die... this seems a little harsh rng
  1362 | D:2      | HP: 1/35 [poisoned by an adder]
  1363 | D:2      | Succumbed to an adder's poison

Illustrated notes # #.###### ######## #......###### #....... ...........# #.###### ....<.....# #....... .#.####......#####.#.#### ........†...............> ......#†##########.#.#### ####.(#.#### #.#.# ........@@.# #...#... ..##..#....# #####... # #..#....# #... #. ###### #... .. #... ## #... #... #... #... #.## #.## Turn 1060 on D:2: - so that didnt work... # #.###### ######## #......###### #....... ...........# #.###### ....<.....# #....... .#.####......#####.#.#### ........†...............> ......#†##########.#.#### ####.(#.#### #.#.# ........@).# #...#... ..##..#....# #####... # #..#....# #... #. ###### #... .. #... ## #... #... #... #... #.## #.## Turn 1064 on D:2: - phew

######### #.......# #####
#.#####.# #...# #######.#####.##
## #.#.# #...........#... ..
#.#.# #.#####.###.#... #. #.#.##
#.#####.#.......
#..##....#######.##....#.#.#.##
###..#........rS##########'......
...............#@≈≈≈§≈≈≈§.#......
####.#.#########≈.§..§§.§≈#.####.
......r....... #≈.≈≈§≈≈§.≈#......
####.#.####### #≈.≈≈§≈≈≈.≈#...##.
.?.#.. #≈.≈≈##≈§.≈#.#.##. #.#
#.## #§§§§##§≈.≈###.##. #. #.#
#≈.≈§§§§§.≈# #.... # #.#
#≈§§§§≈§≈§≈######. .>.
#≈......§.≈#.# ##' ...
≈≈§§≈≈≈≈.#.###.. #########'..##..


Turn 1361 on D:2: - so now i die... this seems a little harsh rng

Levels and vault maps discovered:
D:1:      matt_arrival_grand_opening, layout_loops_ring,
          dreamdust_ecumenical_altar_statues
D:2:      minmay_roachtagon, layout_basic, minmay_splitting_lines,
          dk_noncrumbling_2, kennysheep_pointless_box, uniq_terence,
          uniq_sigmund

Skill      XL: |  1  2  3 |
---------------+----------+-----
Short Blades   | 2 4 |  4.9
Hexes          | 5 6 |  6.2
Dodging        | |  2.1
Stealth        | |  4.4
Spellcasting   | |  2.0

Action                   |  1- 3 |  4- 6 || total
-------------------------+-------+-------++-------
Melee: Dagger            |    65 |     7 ||    72
       Bite              |     2 |       ||     2
Throw: Boomerang         |       |     1 ||     1
 Cast: Corona            |    17 |       ||    17
       Ensorcelled Hiber |     3 |     2 ||     5
 Abil: Exsanguinate      |       |     1 ||     1
  Use: Scroll            |       |     1 ||     1
 Stab: Sleeping          |     8 |     3 ||    11
Armor: Robe              |    22 |     2 ||    24
Dodge: Dodged            |    41 |     5 ||    46
